 Dungeon Crawl Stone Soup version 0.21.2 (webtiles) character file.

647 tidbits the Poker (level 7, -3/60 HPs)
             Began as a Gnoll Wanderer on Jan 18, 2019.
             Was a Follower of Cheibriados.
             Slain by Edmund
             ... wielding a +0 flail of holy wrath
              (10 damage)
             ... on level 6 of the Dungeon.
             The game lasted 00:17:03 (1446 turns).

tidbits the Poker (Gnoll Wanderer)                  Turns: 1446, Time: 00:17:04

Health: -3/60      AC:  2    Str: 22    XL:     7   Next: 52%
Magic:  10/10      EV: 13    Int: 22    God:    Cheibriados [*.....]
Gold:   74         SH:  0    Dex: 18    Spells: 7/11 levels left

rFire    + . .     SeeInvis .   a - +2 dagger
rCold    . . .     Gourm    .   (no shield)
rNeg     . . .     Faith    .   B - +0 robe (curse)
rPois    +         Spirit   .   (helmet restricted)
rElec    .         Reflect  .   (no cloak)
rCorr    .         Harm     .   (no gloves)
MR       .....                  (no boots)
Stlth    +++.......             (no amulet)
HPRegen  0.20/turn              C - +3 ring of intelligence
MPRegen  0.12/turn              P - ring of poison resistance

@: mighty, invisible, very slow
A: distributed training, antennae 1, fangs 1, fire resistance 1, wild magic 1,
strong nose
a: Bend Time, Renounce Religion


You were on level 6 of the Dungeon.
You worshipped Cheibriados.
Cheibriados was aware of your devotion.
You were not hungry.

You visited 2 branches of the dungeon, and saw 8 of its levels.

You collected 74 gold pieces.

Inventory:

Hand Weapons
 a - a +2 dagger (weapon)
 b - the +10 war axe of Instant Death {chop, Str+2}
   (You found it on level 4 of the Dungeon)

   It inflicts extra damage upon your enemies.
   It affects your strength (+2).
 d - a +0 spear
Missiles
 h - 29 stones
 j - 44 arrows
 o - 3 tomahawks of dispersal {!f}
 s - 47 bolts
 G - 5 poisoned tomahawks (quivered)
Armour
 e - a +0 robe
 y - a +0 ring mail
 B - a cursed +0 robe (worn)
 E - a +0 helmet
Jewellery
 f - an uncursed ring of protection from fire
   (You found it on level 2 of the Dungeon)
 C - a +3 ring of intelligence (left hand)
   (You found it on level 3 of the Dungeon)
 P - a ring of poison resistance (right hand)
   (You found it on level 2 of the Dungeon)
Wands
 x - a wand of disintegration (13)
 F - a wand of acid (6)
Scrolls
 g - a scroll of noise {unknown}
 i - 2 scrolls of immolation {unknown}
 m - a scroll of magic mapping
 r - 2 scrolls of remove curse
 t - 2 scrolls of teleportation
 v - a scroll of random uselessness {unknown}
 D - a scroll of fog {unknown}
Potions
 k - a potion of heal wounds {unknown}
 l - 2 potions of lignification {unknown}
 n - a potion of brilliance {unknown}
 q - a potion of might
 u - a potion of resistance {unknown}
 w - 2 potions of haste
 H - a potion of agility {unknown}
Books
 p - a book of Misfortune
   (You found it on level 2 of the Dungeon)

   Spells                             Type                      Level
   a - Confusing Touch                Hexes                        1
   b - Confuse                        Hexes                        3
   c - Gell's Gravitas                Translocation                3
   d - Petrify                        Transmutation/Earth          4
   e - Metabolic Englaciation         Hexes/Ice                    5
   f - Yara's Violent Unravelling     Hexes/Transmutation          5
Comestibles
 c - 4 rations


   Skills:
 + Level 7.0 Fighting
 + Level 2.5 Short Blades
 + Level 2.5 Long Blades
 + Level 2.5 Axes
 + Level 2.5 Maces & Flails
 + Level 7.0 Polearms
 + Level 2.5 Staves
 + Level 2.5 Slings
 + Level 2.5 Bows
 + Level 2.5 Crossbows
 + Level 3.6 Throwing
 + Level 2.5 Armour
 + Level 2.5 Dodging
 + Level 3.4 Stealth
 + Level 3.6 Shields
 + Level 3.6 Unarmed Combat
 + Level 2.5 Spellcasting
 + Level 2.0 Conjurations
 + Level 2.0 Hexes
 + Level 2.0 Charms
 + Level 2.0 Summonings
 + Level 2.0 Necromancy
 + Level 2.0 Translocations
 + Level 2.0 Transmutations
 + Level 2.0 Fire Magic
 + Level 2.0 Ice Magic
 + Level 2.0 Air Magic
 + Level 2.0 Earth Magic
 + Level 2.0 Poison Magic
 + Level 2.7 Invocations
 + Level 2.5 Evocations


You had 7 spell levels left.
You knew the following spells:

 Your Spells              Type           Power        Failure   Level  Hunger
c - Confuse               Hex            ###.....     24%         3    ###....
t - Confusing Touch       Hex            ###...       9%          1    None


Dungeon Overview and Level Annotations

Branches:
Dungeon (7/15)             Temple (1/1) D:4

Altars:
Ashenzari
Cheibriados
Dithmenos
Makhleb
Nemelex Xobeh
Okawaru
Qazlal
Wu Jian
Xom

Annotations:
D:2 Natasha
D:6 Edmund


Innate Abilities, Weirdness & Mutations

Your experience applies equally to all skills.
You have very sharp teeth.
Your uncanny sense of smell can sniff out nearby items.
You have a pair of small antennae on your head.
Your flesh is heat resistant. (rF+)
Your spells are a little harder to cast, but a little more powerful.


Message History

The phantom misses you.
The phantom blinks!
The phantom barely misses you.
You slash the phantom! You bite the phantom, but do no damage.
The phantom is heavily damaged.
The phantom closely misses you.
You barely miss the phantom. You bite the phantom.
The phantom is heavily damaged.
The phantom hits you but does no damage.
You slash the phantom! Your bite misses the phantom.
The phantom is almost destroyed.
The phantom blinks!
The phantom blinks!
Found 17 gold pieces.
Found a stone staircase leading down.
Unknown command.
The phantom hits you!
* * * LOW HITPOINT WARNING * * *
Unknown command.
You hit the phantom but do no damage.
The phantom is almost destroyed.
The phantom blinks!
There is a stone staircase leading up here.
You slash the phantom!
You destroy the phantom!
Cheibriados appreciates the change of pace.
Your Fighting skill increases to level 7!
Your Polearms skill increases to level 7!
Your Conjurations skill increases to level 2!
Your Hexes skill increases to level 2!
Your Charms skill increases to level 2!
Your Summonings skill increases to level 2!
Your Necromancy skill increases to level 2!
Your Translocations skill increases to level 2!
Your Transmutations skill increases to level 2!
Your Fire Magic skill increases to level 2!
Your Ice Magic skill increases to level 2!
Your Air Magic skill increases to level 2!
Your Earth Magic skill increases to level 2!
Your Poison Magic skill increases to level 2!
You climb upwards.
A bullfrog comes into view.
There is a stone staircase leading down here.
Unknown command.
The helpless bullfrog fails to defend itself.
You hit the bullfrog.
The bullfrog is moderately wounded.
The bullfrog misses you. x2
You closely miss the bullfrog.
The bullfrog is moderately wounded.
The bullfrog hits you.
* * * LOW HITPOINT WARNING * * *
The bullfrog closely misses you.
You completely miss the bullfrog.
The bullfrog is moderately wounded.
The bullfrog closely misses you. The bullfrog hits you!
* * * LOW HITPOINT WARNING * * *
You barely miss the bullfrog.
The bullfrog is moderately wounded.
The bullfrog closely misses you. The bullfrog hits you.
* * * LOW HITPOINT WARNING * * *
You hit the bullfrog. Your punch misses the bullfrog.
The bullfrog is severely wounded.
The bullfrog hits you.
* * * LOW HITPOINT WARNING * * *
The bullfrog barely misses you.
You completely miss the bullfrog.
The bullfrog is severely wounded.
The bullfrog misses you. The bullfrog hits you.
* * * LOW HITPOINT WARNING * * *
The bullfrog hits you.
* * * LOW HITPOINT WARNING * * *
You feel better. The bullfrog hits you.
* * * LOW HITPOINT WARNING * * *
You slash the bullfrog!
You kill the bullfrog!
Cheibriados appreciates the change of pace.
You hear a distant slurping noise.
Edmund the Younger comes into view.
He is wielding a flail of holy wrath.
Found a shattered altar of Ashenzari.
Unknown command.
There is a stone staircase leading down here.
You open the door.
a - a +2 dagger (weapon)
There is an open door here.
Found a shadowy altar of Dithmenos.
Unknown command.
The helpless Edmund fails to defend himself.
You puncture Edmund! You punch Edmund, but do no damage. You bite Edmund.
Edmund is moderately wounded.
Edmund misses you.
Edmund hits you with a flail of holy wrath!
* * * LOW HITPOINT WARNING * * *
It was a potion of might.
You feel very mighty all of a sudden.
You barely miss Edmund.
Edmund is moderately wounded.
Edmund hits you with a flail of holy wrath.
* * * LOW HITPOINT WARNING * * *
You fade into invisibility!
Edmund hits you with a flail of holy wrath!
You die...

######### #.......#
#.......# #####
#.......+ ...
#.......# #.######.
#.......#####........
#......>'..@@........
#.......###.#.###+###
#............##...
####.............⌠
#.......#.#....
#.......#.P#_P_
#.......#..PP##
#.......#.....
#.......# ..


You could see Edmund.

Vanquished Creatures
  A sky beast (D:6)
  A phantom (D:7)
  A bullfrog (D:6)
  A crimson imp (D:5)
  A bullfrog zombie (D:6)
  2 orc wizards
  A hound (D:6)
  2 orc priests
  A jelly (D:6)
  3 worker ants
  2 adders
  An adder zombie (D:6)
  A worm (D:3)
  2 leopard geckos
  7 orcs
  4 bats
  4 giant cockroaches
  4 goblins
  5 hobgoblins
  9 jackals
  A quokka (D:6)
  5 frilled lizards
  A jackal skeleton (D:5)
  6 kobolds
  A quokka zombie (D:5)
  8 rats
75 creatures vanquished.

Notes
Turn   | Place    | Note
-------+----------+-------------------------------------------
     0 | D:1      | tidbits the Gnoll Wanderer began the quest for the Orb.
     0 | D:1      | tidbits set off with: a +2 dagger, a potion of haste, a scroll of teleportation, a +0 spear, a +0 robe, a ration
     0 | D:1      | Reached XP level 1. HP: 23/23 MP: 1/1
   112 | D:1      | Reached XP level 2. HP: 27/29 MP: 2/2
   274 | D:2      | Noticed Natasha
   406 | D:2      | Reached XP level 3. HP: 16/35 MP: 3/3
   411 | D:2      | Learned a level 1 spell: Confusing Touch
   604 | D:1      | Reached skill level 1 in Invocations
   663 | D:3      | Reached skill level 1 in Short Blades
   663 | D:3      | Reached skill level 1 in Long Blades
   663 | D:3      | Reached skill level 1 in Axes
   663 | D:3      | Reached skill level 1 in Maces & Flails
   663 | D:3      | Reached skill level 1 in Staves
   663 | D:3      | Reached skill level 1 in Slings
   663 | D:3      | Reached skill level 1 in Bows
   663 | D:3      | Reached skill level 1 in Crossbows
   663 | D:3      | Reached skill level 1 in Armour
   663 | D:3      | Reached skill level 1 in Dodging
   663 | D:3      | Reached skill level 1 in Spellcasting
   663 | D:3      | Reached skill level 1 in Evocations
   674 | D:3      | Reached XP level 4. HP: 31/41 MP: 5/5
   753 | D:4      | Found a staircase to the Ecumenical Temple.
   776 | Temple   | Entered the Ecumenical Temple
   813 | Temple   | Became a worshipper of Cheibriados the Contemplative
   830 | D:4      | Got a crystal war axe
   831 | D:4      | Identified the +10 war axe of Instant Death {chop, Str+2} (You found it on level 4 of the Dungeon)
   844 | D:5      | Entered Level 5 of the Dungeon
   869 | D:5      | Found a sparkling altar of Nemelex Xobeh.
   963 | D:3      | Reached skill level 1 in Conjurations
   963 | D:3      | Reached skill level 1 in Hexes
   963 | D:3      | Reached skill level 1 in Charms
   963 | D:3      | Reached skill level 1 in Summonings
   963 | D:3      | Reached skill level 1 in Necromancy
   963 | D:3      | Reached skill level 1 in Translocations
   963 | D:3      | Reached skill level 1 in Transmutations
   963 | D:3      | Reached skill level 1 in Fire Magic
   963 | D:3      | Reached skill level 1 in Ice Magic
   963 | D:3      | Reached skill level 1 in Air Magic
   963 | D:3      | Reached skill level 1 in Earth Magic
   963 | D:3      | Reached skill level 1 in Poison Magic
   971 | D:3      | Reached XP level 5. HP: 21/47 MP: 5/7
  1025 | D:4      | Reached skill level 3 in Throwing
  1025 | D:4      | Reached skill level 3 in Shields
  1025 | D:4      | Reached skill level 3 in Unarmed Combat
  1055 | D:4      | Gained mutation: Your spells are a little harder to cast, but a little more powerful. [potion of mutation]
  1055 | D:4      | Gained mutation: You have a pair of small antennae on your head. [potion of mutation]
  1055 | D:4      | Gained mutation: Your flesh is heat resistant. (rF+) [potion of mutation]
  1241 | D:5      | Reached * piety under Cheibriados
  1241 | D:5      | Reached XP level 6. HP: 53/53 MP: 8/8
  1249 | D:6      | Reached skill level 3 in Stealth
  1249 | D:6      | Reached skill level 2 in Invocations
  1274 | D:6      | Noticed a sky beast
  1280 | D:6      | Killed a sky beast
  1280 | D:6      | Reached skill level 2 in Short Blades
  1280 | D:6      | Reached skill level 2 in Long Blades
  1280 | D:6      | Reached skill level 2 in Axes
  1280 | D:6      | Reached skill level 2 in Maces & Flails
  1280 | D:6      | Reached skill level 2 in Staves
  1280 | D:6      | Reached skill level 2 in Slings
  1280 | D:6      | Reached skill level 2 in Bows
  1280 | D:6      | Reached skill level 2 in Crossbows
  1280 | D:6      | Reached skill level 2 in Armour
  1280 | D:6      | Reached skill level 2 in Dodging
  1280 | D:6      | Reached skill level 2 in Spellcasting
  1280 | D:6      | Reached skill level 2 in Evocations
  1315 | D:6      | Reached XP level 7. HP: 35/59 MP: 10/10
  1367 | D:7      | Learned a level 3 spell: Confuse
  1407 | D:7      | Reached skill level 7 in Fighting
  1407 | D:7      | Reached skill level 7 in Polearms
  1407 | D:7      | Reached skill level 2 in Conjurations
  1407 | D:7      | Reached skill level 2 in Hexes
  1407 | D:7      | Reached skill level 2 in Charms
  1407 | D:7      | Reached skill level 2 in Summonings
  1407 | D:7      | Reached skill level 2 in Necromancy
  1407 | D:7      | Reached skill level 2 in Translocations
  1407 | D:7      | Reached skill level 2 in Transmutations
  1407 | D:7      | Reached skill level 2 in Fire Magic
  1407 | D:7      | Reached skill level 2 in Ice Magic
  1407 | D:7      | Reached skill level 2 in Air Magic
  1407 | D:7      | Reached skill level 2 in Earth Magic
  1407 | D:7      | Reached skill level 2 in Poison Magic
  1418 | D:6      | HP: 11/60 [bullfrog (5)]
  1419 | D:6      | HP: 5/60 [bullfrog (6)]
  1419 | D:6      | HP: 1/60 [bullfrog (4)]
  1428 | D:6      | Found a shattered altar of Ashenzari.
  1428 | D:6      | Noticed Edmund
  1436 | D:6      | Found a shadowy altar of Dithmenos.
  1443 | D:6      | HP: 9/60 [Edmund/flail of holy wrath (9)]
  1446 | D:6      | Slain by Edmund

Skill      XL: |  1  2  3  4  5  6  7 |
---------------+----------------------+-----
Invocations    | 1 2 |  2.7
Short Blades   | 1 2 |  2.5
Long Blades    | 1 2 |  2.5
Axes           | 1 2 |  2.5
Maces & Flails | 1 2 |  2.5
Staves         | 1 2 |  2.5
Slings         | 1 2 |  2.5
Bows           | 1 2 |  2.5
Crossbows      | 1 2 |  2.5
Armour         | 1 2 |  2.5
Dodging        | 1 2 |  2.5
Spellcasting   | 1 2 |  2.5
Evocations     | 1 2 |  2.5
Conjurations   | 1 2 |  2.0
Hexes          | 1 2 |  2.0
Charms         | 1 2 |  2.0
Summonings     | 1 2 |  2.0
Necromancy     | 1 2 |  2.0
Translocations | 1 2 |  2.0
Transmutations | 1 2 |  2.0
Fire Magic     | 1 2 |  2.0
Ice Magic      | 1 2 |  2.0
Air Magic      | 1 2 |  2.0
Earth Magic    | 1 2 |  2.0
Poison Magic   | 1 2 |  2.0
Throwing       | 3 |  3.6
Shields        | 3 |  3.6
Unarmed Combat | 3 |  3.6
Stealth        | 3 |  3.4
Fighting       | 7 |  7.0
Polearms       | 7 |  7.0

Action                   |  1- 3 |  4- 6 |  7- 9 || total
-------------------------+-------+-------+-------++-------
Melee: Dagger            |    93 |    17 |     2 ||   112
       Bite              |     3 |     7 |     3 ||    13
       War axe           |       |    44 |    18 ||    62
       Punch             |       |     1 |     1 ||     2
Throw: Stone             |     9 |     1 |       ||    10
Evoke: Wand              |     3 |       |       ||     3
  Use: Scroll            |       |     6 |       ||     6
       Potion            |       |     1 |     3 ||     4
 Stab: Sleeping          |     4 |     3 |     2 ||     9
  Eat: Chunk             |       |     2 |       ||     2
Armor: Robe              |    17 |    10 |     1 ||    28
Dodge: Dodged            |    44 |    32 |    12 ||    88

Table legend:
 A = Turns spent in this place as a percentage of turns spent in the entire game.
 B = Non-inter-level travel turns spent in this place as a percentage of non-inter-level travel turns spent in the entire game.
 C = Inter-level travel turns spent in this place as a percentage of turns spent in this place.
 D = Turns resting spent in this place as a percentage of non-inter-level travel turns spent in this place.
 E = Turns spent auto-exploring this place as a percentage of non-inter-level travel turns spent in this place.
 F = Non-inter-level travel turns spent in this place divided by the number of levels of this place that you've seen.
                   A       B       C       D       E      F
               +-------+-------+-------+-------+-------+----------------------
         Total | 100.0 | 100.0 |   2.8 |   0.0 |   0.0 | 175.6
       Dungeon |  96.6 |  96.5 |   2.9 |   0.0 |   0.0 | 193.7
        Temple |   3.4 |   3.5 |   0.0 |   0.0 |   0.0 |  49.0
               +-------+-------+-------+-------+-------+----------------------

Table legend:
 A = Kills in this place as a percentage of kills in entire the game.
 B = Kills by you in this place as a percentage of kills by you in the entire game.
 C = Kills by friends in this place as a percentage of kills by friends in the entire game.
 D = Other kills in this place as a percentage of other kills in the entire game.
 E = Experience gained in this place as a percentage of experience gained in the entire game.
 F = Experience gained in this place divided by the number of levels of this place that you have seen.
                   A       B       C       D       E      F
               +-------+-------+-------+-------+-------+----------------------
         Total | 100.0 | 100.0 |   N/A |   N/A | 100.0 | 115.6
       Dungeon | 100.0 | 100.0 |   N/A |   N/A | 100.0 | 132.1
               +-------+-------+-------+-------+-------+----------------------

Vault maps used:
D:1:      lightli_iron_boxes, feat_on_display
D:2:      cheibrodos_helix_gallery, first_ration, uniq_natasha
D:3:      uniq_ijyb
D:4:      elyvilon_altar_4, minmay_temple_entry_butterflies
D:5:      grunt_temple_overflow_magic_moments,
          nemelex_xobeh_ov_fountains_minmay, fedhas_altar_3, uniq_eustachio,
          uniq_menkaure, uniq_grinder
D:6:      gammafunk_temple_overflow_forgotten, uniq_edmund
D:7:      grunt_livestock, guppyfry_early_elven_hall, uniq_joseph,
          uniq_prince_ribbit1
Temple:   jpeg_temple_clearing
